 Dungeon Crawl Stone Soup version 0.32-a0-411-g744942f433 (webtiles) character file.

Game seed: 3169952091071345187

91555 Aldia the Brawler (level 16, -4/147 (158) HPs)
             Began as a Merfolk Shapeshifter on Feb 20, 2024.
             Was the Champion of Fedhas.
             Killed from afar by a necromancer (25 damage)
             ... with a bolt of negative energy
             ... on level 5 of the Lair of Beasts.
             The game lasted 00:33:31 (19817 turns).

Aldia the Brawler (Merfolk Shapeshifter)           Turns: 19817, Time: 00:33:32

HP:   -4/147 (158)  AC:  9    Str: 30    XL:     16   Next: 3%
MP:   20/25         EV: 18    Int: 10    God:    Fedhas [******]
Gold: 1145          SH:  0    Dex: 16    Spells: 6/15 levels left

rFire   + .          .
                       - Unarmed
rCold   . . .        (shield currently unavailable)
rNeg    . . .        a - melded +0 animal skin
rPois   +            J - melded +1 helmet
rElec   .            y - melded +2 cloak {Will+}
rCorr   .            (gloves currently unavailable)
SInv    .            (boots currently unavailable)
Will    +....        Z - amulet of regeneration
Stlth   +            S - +6 ring of strength
HPRegen 1.24/turn    e - ring of protection from fire
MPRegen 0.19/turn

%: no passive effects
@: snake-form, drained
A: constrict, boosted hp, large, (nimble swimmer 2), (mertail)
a: Begin Untransformation, Renounce Religion, Wall of Briars, Grow
Ballistomycete, Overgrow, Grow Oklob


You were on level 5 of the Lair of Beasts.
You worshipped Fedhas.
Fedhas was exalted by your worship.
You were an enormous serpent.
You visited 3 branches of the dungeon, and saw 17 of its levels.
You also visited: Ossuary.

You collected 1325 gold pieces.
You spent 180 gold pieces at shops.

Inventory:

Hand Weapons
 O - a +5 glaive of flaming
Missiles
 E - 18 javelins (quivered)
Armour
 a - a +0 animal skin (melded)
 y - a +2 cloak of willpower (melded)
 J - a +1 helmet (melded)
 N - +0 steam dragon scales
Jewellery
 e - a ring of protection from fire (right hand)
 r - a ring of poison resistance
 v - a +4 ring of protection
 F - a ring of flight
 L - a ring of magical power
 S - a +6 ring of strength (left hand)
 W - a ring of ice
 X - a ring of wizardry
 Z - an amulet of regeneration (around neck)
Talismans
 c - a beast talisman
 d - a flux talisman
 u - a blade talisman
 T - a serpent talisman (active)
Wands
 p - a wand of polymorph (27)
 D - a wand of quicksilver (13)
 K - a wand of iceblast (17)
 M - a wand of charming (3)
Scrolls
 f - a scroll of enchant weapon
 g - 4 scrolls of poison
 l - 3 scrolls of immolation
 m - 3 scrolls of noise
 n - 2 scrolls of vulnerability
 o - 3 scrolls of revelation
 x - 4 scrolls of teleportation
 B - a scroll of acquirement {unknown}
 G - a scroll of blinking {unknown}
 I - a scroll of brand weapon
 Q - a scroll of fear {unknown}
 R - 2 scrolls of amnesia
 U - a scroll of torment {unknown}
 V - 3 scrolls of enchant armour
 Y - a scroll of fog {unknown}
Potions
 b - 3 potions of haste
 h - 3 potions of magic
 i - 4 potions of mutation
 j - a potion of heal wounds
 k - 4 potions of curing
 q - 3 potions of brilliance
 s - 3 potions of enlightenment
 t - 2 potions of cancellation
 w - a potion of might
 z - a potion of resistance
 A - a potion of attraction
 C - a potion of berserk rage
 H - 4 potions of ambrosia
Miscellaneous
 P - a tin of tremorstones (2/2)


   Skills:
 + Level 13.8 Fighting
 - Level 16.0 Dodging
 * Level 17.3 Unarmed Combat
 + Level 12.9 Invocations
 - Level 10.0 Shapeshifting


You had 6 spell levels left.
You knew the following spells:

 Your Spells              Type           Power      Damage    Failure   Level
a - Summon Ice Beast      Ice/Summ       0%         N/A       75%         3
b - Sculpt Simulacrum     Ice/Alch       0%         N/A       100%        6

Your spell library contained the following spells:

 Spells                   Type           Power      Damage    Failure   Level
 Call Imp                 Summ           0%         N/A       50%         2
 Cigotuvi's Dreadful Rot  Necr/Alch/Air  0%         N/A       50%         2
 Lesser Beckoning         Tloc           0%         N/A       50%         2
 Scorch                   Fire           0%         2d5       50%         2
 Static Discharge         Conj/Air       0%         3-3/arc   50%         2
 Sublimation of Blood     Necr           0%         N/A       50%         2
 Dazzling Flash           Conj/Hex       0%         N/A       75%         3
 Gell's Gravitas          Tloc           0%         N/A       75%         3
 Hailstorm                Conj/Ice       0%         3d5       75%         3
 Mephitic Cloud           Conj/Alch/Air  0%         N/A       75%         3
 Teleport Other           Tloc           0%         N/A       75%         3
 Airstrike                Air            0%         2d(0-16)  98%         4
 Flame Wave               Conj/Fire      0%         2d4       98%         4
 Ignite Poison            Fire/Alch      0%         N/A       98%         4
 Sticky Flame             Fire/Alch      0%         2d4       98%         4
 Summon Lightning Spire   Summ/Air       0%         N/A       98%         4
 Curse of Agony           Necr           0%         N/A       100%        5
 Freezing Cloud           Conj/Ice/Air   0%         6-21      100%        5
 Silence                  Hex/Air        0%         N/A       100%        5
 Summon Cactus Giant      Summ           0%         N/A       100%        6
 Malign Gateway           Summ/Tloc      0%         N/A       100%        7
 Ozocubu's Refrigeration  Ice            0%         4d7       100%        7
 Summon Hydra             Summ           0%         N/A       100%        7
 Summon Horrible Things   Summ           0%         N/A       100%        8
 Polar Vortex             Ice            0%         N/A       100%        9


Dungeon Overview and Level Annotations

Branches:
Dungeon (11/15)            Temple (1/1) D:6            Lair (5/5) D:8
  Swamp (0/4) Lair:3        Snake (0/4) Lair:2        Slime (0/5) Lair:4
Ossuary (visited)
    Orc: D:9-12

Altars:
Ashenzari
Cheibriados
Dithmenos
Elyvilon
Fedhas
Gozag
Hepliaklqana
Kikubaaqudgha
Makhleb
Nemelex Xobeh
Okawaru
Qazlal
Ru
Sif Muna
Trog
Uskayaw
Vehumet
Wu Jian
Xom
Yredelemnul
Zin
The Shining One

Shops:
D:3 [

Annotations:
Temple 2 transporters
Lair:5 1 runed translucent door, exclusion: obsidian statue, Uczuh's ghost, journeyman VSGl


Innate Abilities, Weirdness & Mutations

You are an enormous serpent.
You have a powerful constriction melee attack.
Your maximum health is increased.
Your armour is entirely melded.
You are incapable of wielding weapons or throwing items.
((You are very nimble when in or above water. (Stealth+, EV+, Speed+++)))
((Your lower body shifts to a powerful aquatic tail in water.))


Message History

The splash of acid hits the dire elephant!!
The necromancer casts a spell at you. The bolt of negative energy hits you!!
You feel drained.
* * * LOW HITPOINT WARNING * * *
There is an open door here.
You crush the dire elephant!!!
The dire elephant is severely wounded.
You body-slam the dire elephant!!
The dire elephant is almost dead.
The dire elephant tramples you.
* * * LOW HITPOINT WARNING * * *
You hold your ground!
The dire elephant trunk-slaps you.
* * * LOW HITPOINT WARNING * * *
Your oklob plant spits acid at the dire elephant.
The splash of acid hits the dire elephant!!
The dire elephant seems to be corroded for longer.
The dire elephant dies!
Fedhas appreciates your contribution to the ecosystem.
The necromancer gestures wildly while chanting.
The necromancer binds the souls of nearby monsters.
The necromancer gestures wildly while chanting.
The necromancer binds the souls of nearby monsters.
You see here a dire elephant corpse.
Your oklob plant spits acid at the necromancer.
The splash of acid hits the necromancer!!
The necromancer gestures at you while chanting.
Your body is wracked with pain!
* * * LOW HITPOINT WARNING * * *
You closely miss the necromancer. Your grab misses the necromancer.
The necromancer is heavily wounded.
Your oklob plant spits acid at the necromancer.
The splash of acid hits the necromancer!
The acid corrodes the necromancer!
You strike the helpless necromancer from behind!
You hit the necromancer. Your grab misses the necromancer.
The necromancer is almost dead.
The necromancer gestures at you while chanting.
The bolt of negative energy hits you!!
You feel drained.
You die...
Fedhas appreciates your contribution to the ecosystem.

##### ♣♣#.#.#### ♣PPP.....##
..........### .P#..[..#...#
♣*####''#''#########*############
* #ß..#....ß##.~~##ß...ß##...## *
#...#P....'†Sp≈~'...):#ß....) *
#.#.####.ß#.~†≈≈'...)(#.....#
#####'#....####P≈≈≈≈#ß...ß#.(...#
ß.....####....#~~P~P#######ß....#
[....P# ####.###~.###ßPß###..###
ß...PP##♣♣###...#####ß.⌠.ß#####P.
#######♣...P###...††.†..........#
#####♣P......♣########'''########
.......).....................#...


You could see a necromancer (corroded, ally target) and a friendly oklob plant
(summoned).

Vanquished Creatures
  Gastronok (Lair:2)
  4 dire elephants (Lair:5)
  Fannar (D:11)
  3 hydras (Lair:5)
  A catoblepas (Lair:4)
  2 two-headed ogres
  Erica (D:8)
  A boulder beetle (D:11)
  2 spectral dire elephants (Lair:5)
  8 death yaks (Lair:5)
  Urug (Lair:2)
  2 skysharks
  A spectral death yak (Lair:5)
  A spectral anaconda (Lair:5)
  Pikel (D:7)
  2 necromancers (Lair:5)
  An ugly thing (D:11)
  A salamander (Lair:2)
  25 elephants
  2 cyclopes (D:11)
  2 black mambas
  Joseph (D:7)
  Maggie (D:9)
  14 cane toads
  An unseen horror (D:10)
  2 rime drakes
  10 komodo dragons
  A queen bee (Lair:2)
  A troll (D:9)
  4 polar bears (Lair:1)
  A hornet (D:9)
  Prince Ribbit (D:7)
  11 blink frogs
  5 dream sheep (Lair:5)
  A spectral elephant (Lair:5)
  A dire elephant simulacrum (Lair:5)
  Sigmund (D:4)
  4 basilisks
  44 yaks
  2 vampires
  7 wyverns
  A warg (D:8)
  Grum (D:10)
  6 vampire mosquitoes (Lair:3)
  2 steam dragons
  2 spectral cane toads (Lair:5)
  3 nagas (Lair:2)
  An acid dragon (D:4)
  12 water moccasins
  2 black bears
  An orc warrior (D:10)
  2 sky beasts
  3 elephant zombies (Lair:5)
  19 wolves
  3 ogres
  8 centaurs
  3 elephant skeletons (Lair:5)
  2 kobold brigands (D:8)
  10 bullfrogs
  2 gnoll sergeants
  8 water moccasin zombies (Ossuary)
  2 scorpions
  A burial acolyte (Ossuary)
  11 wights
  3 elephant simulacra (Lair:5)
  31 killer bees
  5 howler monkeys
  4 crimson imps (D:6)
  2 jellies
  A bombardier beetle (D:6)
  6 orc priests
  6 hounds
  2 sleepcaps
  4 iguanas
  9 orc wizards
  4 hell rats (Lair:2)
  2 bullfrog simulacra (Ossuary)
  2 mummies (Ossuary)
  7 gnolls
  7 adders
  2 shadow imps (D:7)
  A white imp (D:5)
  4 adder zombies (Ossuary)
  2 ribbon worms
  46 orcs
  5 endoplasms
  3 giant cockroaches
  6 gnoll zombies (Ossuary)
  6 goblins
  4 hobgoblins
  5 jackals
  A quokka (D:4)
  9 ball pythons
  7 bats
  2 frilled lizards (D:1)
  5 jackal zombies (Ossuary)
  16 kobolds
  2 orc zombies (Ossuary)
  3 rats
505 creatures vanquished.

Vanquished Creatures (collateral kills)
  A dire elephant (Lair:5)
  A polar bear (Lair:4)
  9 ballistomycete spores (Lair:2)
11 creatures vanquished.

Vanquished Creatures (others)
  A ballistomycete spore (Lair:2)
1 creature vanquished.

Grand Total: 517 creatures vanquished

Notes
Turn   | Place    | Note
-------+----------+-------------------------------------------
     0 | D:1      | Aldia the Merfolk Shapeshifter began the quest for the Orb.
     0 | D:1      | Reached XP level 1. HP: 15/15 MP: 1/1
    78 | D:1      | Reached XP level 2. HP: 13/21 MP: 2/2
   403 | D:1      | Reached XP level 3. HP: 24/27 MP: 3/3
   801 | D:2      | Reached skill level 4 in Unarmed Combat
  1573 | D:3      | Reached XP level 4. HP: 32/32 MP: 4/4
  1767 | D:3      | Found a white marble altar of Elyvilon.
  1767 | D:3      | Found a shimmering blue altar of Sif Muna.
  1806 | D:3      | Became a worshipper of Elyvilon the Healer
  1826 | D:3      | Found Oruniam's Antique Armour Shoppe.
  2244 | D:4      | Reached skill level 5 in Shapeshifting
  2244 | D:4      | Reached XP level 5. HP: 17/39 MP: 5/5
  2583 | D:4      | Found a broken altar of Ashenzari.
  2586 | D:4      | Reached * piety under Elyvilon
  2609 | D:4      | Reached skill level 5 in Unarmed Combat
  3010 | D:4      | Reached XP level 6. HP: 47/47 MP: 6/6
  3038 | D:4      | Noticed an acid dragon
  3044 | D:4      | Noticed Sigmund
  3084 | D:4      | Killed Sigmund
  3155 | D:4      | Killed an acid dragon
  3156 | D:4      | Reached XP level 7. HP: 46/52 MP: 7/7
  3311 | D:4      | Found a hazy altar of Hepliaklqana.
  3398 | D:5      | Entered Level 5 of the Dungeon
  3476 | D:5      | Found an ornate altar of the Wu Jian Council.
  3483 | D:5      | Reached skill level 6 in Unarmed Combat
  3967 | D:5      | Reached ** piety under Elyvilon
  4029 | D:5      | Reached XP level 8. HP: 54/61 MP: 8/8
  4076 | D:3      | Bought an embroidered cloak for 180 gold pieces
  4178 | D:5      | Reached skill level 5 in Dodging
  4189 | D:5      | Reached skill level 7 in Unarmed Combat
  4834 | D:6      | Reached skill level 5 in Fighting
  4863 | D:6      | Found a shimmering altar of Xom.
  4891 | D:6      | Reached skill level 8 in Unarmed Combat
  5122 | D:6      | Reached XP level 9. HP: 57/69 MP: 9/9
  5170 | D:6      | Reached *** piety under Elyvilon
  5556 | D:6      | Found a staircase to the Ecumenical Temple.
  5741 | Temple   | Found a transporter.
  5741 | Temple   | Found a transporter.
  5741 | Temple   | Found a transporter.
  5741 | Temple   | Found a transporter.
  5741 | Temple   | Entered the Ecumenical Temple
  5783 | Temple   | Fell from the grace of Elyvilon
  5783 | Temple   | Became a worshipper of Fedhas Madash
  5996 | D:7      | Found a sand-covered staircase.
  5996 | D:7      | Noticed Pikel
  6010 | D:7      | HP: 5/103 [Pikel/+2 whip of freezing (1)]
  6014 | D:7      | Killed Pikel
  6015 | D:7      | Reached skill level 9 in Unarmed Combat
  6015 | D:7      | Reached skill level 1 in Invocations
  6052 | Ossuary  | Entered an ossuary
  6129 | Ossuary  | Reached * piety under Fedhas
  6503 | D:7      | Reached skill level 10 in Unarmed Combat
  6666 | D:7      | Noticed Prince Ribbit
  6677 | D:7      | Killed Prince Ribbit
  6678 | D:7      | Reached XP level 10. HP: 79/79 MP: 12/12
  7114 | D:7      | Noticed Joseph
  7138 | D:7      | Killed Joseph
  7138 | D:7      | Reached ** piety under Fedhas
  7526 | D:8      | Reached skill level 11 in Unarmed Combat
  7801 | D:8      | Found a staircase to the Lair.
  7967 | D:8      | Noticed Erica
  7981 | D:8      | Found an ancient bone altar of Kikubaaqudgha.
  8022 | D:8      | Killed Erica
  8023 | D:8      | Reached skill level 5 in Invocations
  8154 | D:8      | Reached *** piety under Fedhas
  8163 | D:8      | HP: 3/80 [orc/+0 dagger of protection (3)]
  8165 | D:8      | HP: 1/80 [orc/+0 short sword (1)]
  8171 | D:8      | HP: 2/80 [orc/+0 short sword (1)]
  8469 | D:8      | Found a glowing silver altar of Zin.
  8502 | D:8      | Found a snail-covered altar of Cheibriados.
  8602 | D:8      | Found an iron altar of Okawaru.
  8718 | D:8      | Found a sacrificial altar of Ru.
  8961 | D:9      | Reached skill level 12 in Unarmed Combat
  8961 | D:9      | Reached XP level 11. HP: 17/87 MP: 15/15
  9241 | D:9      | Reached skill level 10 in Dodging
  9270 | D:9      | Reached **** piety under Fedhas
  9787 | D:9      | Noticed a two-headed ogre
  9794 | D:9      | Killed a two-headed ogre
  9839 | D:9      | Noticed Maggie
  9856 | D:9      | Killed Maggie
 10333 | D:10     | Entered Level 10 of the Dungeon
 10697 | D:10     | Noticed Grum
 10718 | D:10     | Found a hide-covered altar of Uskayaw.
 10740 | D:10     | Killed Grum
 10906 | D:10     | Found a glowing golden altar of the Shining One.
 11765 | D:11     | Noticed a two-headed ogre
 11773 | D:11     | Killed a two-headed ogre
 11975 | D:11     | Noticed a cyclops
 11983 | D:11     | Killed a cyclops
 12165 | D:11     | Noticed a cyan ugly thing
 12176 | D:11     | Killed a purple ugly thing
 12177 | D:11     | Reached skill level 10 in Fighting
 12331 | D:11     | Identified the +0 ring mail of the Old World {Will++ Dex+3
                  | Stlth+}
 12400 | D:11     | Noticed a boulder beetle
 12415 | D:11     | Killed a boulder beetle
 12416 | D:11     | Reached XP level 12. HP: 71/97 MP: 16/18
 12805 | D:11     | Noticed Fannar
 12812 | D:11     | Killed Fannar
 13159 | Lair:1   | Entered Level 1 of the Lair of Beasts
 13193 | Lair:1   | Reached skill level 10 in Shapeshifting
 13203 | Lair:1   | Reached ***** piety under Fedhas
 13272 | Lair:1   | Reached skill level 13 in Unarmed Combat
 13272 | Lair:1   | Reached XP level 13. HP: 105/105 MP: 19/19
 13273 | Lair:1   | Reached skill level 14 in Unarmed Combat
 13273 | Lair:1   | Reached skill level 10 in Invocations
 13273 | Lair:1   | Reached XP level 14. HP: 114/114 MP: 19/21
 13657 | Lair:1   | Reached skill level 15 in Unarmed Combat
 14105 | Lair:1   | Identified the +0 whip of the Pariah {antimagic, ^Contam
                  | Str+7 Stlth+}
 14821 | Lair:2   | Found a staircase to the Snake Pit.
 14940 | Lair:2   | Noticed Urug
 14957 | Lair:2   | Killed Urug
 15367 | Lair:2   | Noticed Gastronok
 15379 | Lair:2   | Killed Gastronok
 16754 | Lair:3   | Found a blossoming altar of Fedhas.
 16877 | Lair:3   | Found a staircase to the Swamp.
 16899 | Lair:3   | Reached ****** piety under Fedhas
 16906 | Lair:3   | Reached XP level 15. HP: 88/123 MP: 23/23
 17253 | Lair:4   | Found a staircase to the Slime Pits.
 17310 | Lair:4   | Reached skill level 16 in Unarmed Combat
 17693 | Lair:5   | Entered Level 5 of the Lair of Beasts
 17795 | Lair:5   | Learned a level 3 spell: Summon Ice Beast
 17802 | Lair:5   | Learned a level 6 spell: Sculpt Simulacrum
 17820 | Lair:5   | Reached skill level 15 in Dodging
 18296 | Lair:5   | Identified the +7 ring mail of Fortitude {MP+9 Str+3}
 18439 | Lair:5   | Found a runed translucent door.
 18440 | Lair:5   | Identified the +9 spear "Dragonslayer" {heavy, Dex+5}
 18445 | Lair:5   | Noticed Uczuh's ghost (journeyman VSGl)
 18469 | Lair:5   | Identified the +4 hand axe "Kiceyck" {flame, rCorr}
 19350 | Lair:5   | Got the Incunabulum of the Heated Vertex
 19488 | Lair:5   | Reached skill level 17 in Unarmed Combat
 19807 | Lair:5   | Reached XP level 16. HP: 52/132 MP: 25/25
 19817 | Lair:5   | Killed from afar by a necromancer

Illustrated notes

Levels and vault maps discovered:
D:1:      minmay_arrival_radiant_lines, layout_basic
D:2:      layout_basic
D:3:      layout_basic, gammafunk_temple_overflow_elements, serial_shops, shop
D:4:      minmay_chambers_of_fours, layout_basic, mainiacjoe_overflow_paths,
          nicolae_hepliaklqana_hippocampus, serial_corexii_hall,
          corexii_hall_statues_i, corexii_hall_statues_x, st_stairs_8,
          uniq_sigmund
D:5:      layout_loops_corners, mainiacjoe_overflow_small_starburst,
          serial_park_tiny_1
D:6:      layout_gridville, led_xom_imps, minmay_temple_entry_enclosed_plants,
          st_stairs_13, small_statue_intersection, lemuel_flame_loot_1
D:7:      layout_cave_pods, nicolae_ossuary_entry_monument, enter_bailey_6,
          nicolae_nh_ransacked_shop, uniq_pikel, uniq_joseph,
          uniq_prince_ribbit1
D:8:      layout_cave_pools, mainiacjoe_overflow_alcove_1,
          okawaru_altar_gauntlet_db, kennysheep_little_box, old_standard_altar,
          amcnicky_altar_gilded, erik_lair_orcish_takeover, nicolae_letterblocks
          [nicolae_letter_subblock, nicolae_letter_subblock,
          nicolae_letter_subblock, nicolae_letter_subblock,
          nicolae_letter_subblock, nicolae_letter_subblock,
          nicolae_letter_subblock, nicolae_letter_subblock,
          nicolae_letter_subblock, nicolae_letter_subblock,
          nicolae_letter_subblock, nicolae_letter_subblock,
          nicolae_letter_subblock, nicolae_letter_subblock,
          nicolae_letter_subblock, nicolae_letter_subblock,
          nicolae_letter_subblock, nicolae_letter_subblock,
          nicolae_letter_subblock, nicolae_letter_subblock,
          nicolae_letter_subblock, nicolae_letter_subblock,
          nicolae_letter_subblock, nicolae_letter_subblock,
          nicolae_letter_subblock], uniq_erica
D:9:      layout_basic, kennysheep_big_empty_room, uniq_maggie
D:10:     layout_loops_corners, mainiacjoe_overflow_alcove_4,
          mainiacjoe_overflow_concentric_impassable, uniq_grum
D:11:     layout_roguey, minmay_statues_item, uniq_fannar
Temple:   hellmonk_temple_divided_pantheon
Lair:1:   layout_chaotic_city, cheibrodos_lair_lostbears,
          infiniplex_staircase_pool, serial_bayou_shore_b, grunt_megastairs_2,
          lemuel_fruit_tree
Lair:2:   layout_cave_pods, alex1729_snake_entry_snake, special_room
          [special_room_bee], chequers_serial_rivers_micro_d, uniq_gastronok,
          uniq_urug
Lair:3:   layout_cave_pods, minmay_swamp_entry_swarm, tgw_fedhas
Lair:4:   layout_big_grid, slime_entry_1
Lair:5:   due_jungle_book, layout_layer_cave, ebering_ghost_funeral_grove,
          grunt_megastairs_5, infiniplex_staircase_pool_2

Skill      XL: |  1  2  3  4  5  6  7  8  9 10 11 12 13 14 15 |
---------------+----------------------------------------------+-----
Dodging        | 3 4 6 8 9 11 12 13 16 | 16.0
Unarmed Combat | 4 5 6 8 10 12 13 14 15 17 | 17.3
Fighting       | 2 3 4 5 7 8 10 11 13 | 13.8
Shapeshifting  | 5 6 7 8 10 | 10.0
Invocations    | 3 5 8 9 10 11 12 | 12.9

Action                     |  1- 3 |  4- 6 |  7- 9 | 10-12 | 13-15 | 16-18 || total
---------------------------+-------+-------+-------+-------+-------+-------++-------
  Melee: Unarmed           |    78 |   122 |   322 |   547 |   652 |     4 ||  1725
         Punch             |     1 |     6 |       |       |       |       ||     7
         Constrict         |       |       |       |    10 |   105 |       ||   115
 Invoke: Grow Ballistomyce |       |       |       |       |     1 |       ||     1
         Grow Oklob        |       |       |       |       |     1 |     1 ||     2
         Wall of Briars    |       |       |       |       |     1 |       ||     1
  Evoke: Wand              |       |       |       |       |     2 |       ||     2
    Use: Scroll            |     2 |     2 |     5 |     8 |     3 |       ||    20
         Potion            |       |       |     1 |     5 |     9 |       ||    15
   Stab: Sleeping          |     1 |     1 |       |       |       |       ||     2
         Distracted        |       |       |       |       |       |     1 ||     1
 Armour: Animal skin       |    30 |    50 |       |       |       |       ||    80
         Skin              |       |    11 |   123 |   249 |   446 |     4 ||   833
  Dodge: Dodged            |    61 |    62 |   220 |   609 |   556 |       ||  1508
   Form: Flux              |       |     1 |       |       |       |       ||     1
         Serpent           |       |       |       |     1 |       |       ||     1

Table legend: (Time is in decaauts)
 A = Elapsed time spent in this place.
 B = Non-inter-level travel time spent in this place.
 C = Inter-level travel time spent in this place.
 D = Time resting spent in this place.
 E = Time spent auto-exploring this place.
 F = Levels seen in this place.
 G = Mean time per level.
                   A        B        C        D        E       F      G
               +--------+--------+--------+--------+--------+-----+--------+
         Total |  19536 |  18726 |    810 |    566 |  14739 |  18 | 1085.3 |
       Dungeon |  12509 |  11901 |    608 |    129 |   9769 |  11 | 1137.2 |
        Temple |     56 |     56 |      0 |      0 |      0 |   1 |   56.0 |
          Lair |   6557 |   6355 |    202 |    235 |   4970 |   5 | 1311.4 |
       Ossuary |    412 |    412 |      0 |    202 |      0 |   1 |  412.0 |
               +--------+--------+--------+--------+--------+-----+--------+

Top non-repeatable levels by time:
  Lair:5: 1918 daAuts
  Lair:2: 1753 daAuts
     D:9: 1497 daAuts
     D:4: 1472 daAuts
    D:10: 1391 daAuts
     D:8: 1383 daAuts
    D:11: 1333 daAuts
     D:5: 1176 daAuts
     D:6: 1172 daAuts
  Lair:1: 1139 daAuts
     D:7: 1106 daAuts
  Lair:3: 1029 daAuts
     D:3: 949 daAuts
  Lair:4: 716 daAuts
     D:1: 543 daAuts
